 Dungeon Crawl Stone Soup version 0.24-a0-358-g53aee78b01 (webtiles) character file.

Game seed: 3731357675308518814

778164 theanonym the Executioner (level 27, 0/242 HPs)
             Began as a Hill Orc Berserker on May 25, 2019.
             Was the Champion of Makhleb.
             Slain by a reaper
             ... wielding a +3 scythe of slicing
              (5 damage)
             ... in Pandemonium.
             The game lasted 02:57:20 (85752 turns).

theanonym the Executioner (Hill Orc Berserker)     Turns: 85752, Time: 02:57:20

Health: 0/242      AC: 44    Str: 35    XL:     27
Magic:  21/32      EV: 23    Int: 12    God:    Makhleb [******]
Gold:   4664       SH:  0    Dex: 25    Spells: 7/55 levels left

rFire    + + .     SeeInvis .   a - +9 executioner's axe (protect)
rCold    + + .     Gourm    .   (shield currently unavailable)
rNeg     + + +     Faith    .   N - +6 gold dragon scales
rPois    +         Spirit   .   C - +0 helmet of the Tarantula {rCorr Str+4}
rElec    +         Reflect  .   V - +1 cloak of Starlight {rElec rC+ EV+4 Stlth--}
rCorr    +         Harm     .   U - +2 pair of gloves of the Lute {rF+ rN+}
MR       ++...                  i - +2 pair of boots
Stlth    ..........             o - amulet of the Fool {rElec Regen+ Dex+4}
HPRegen  0.90/turn              L - ring of Hoiqopo {rN+ MP-9 Dex+8}
MPRegen  0.23/turn              j - ring of Ashub {*Corrode rN+ Dex+3}

@: mighty, protection aura, silenced
A: blurry vision 1, deformed body, frail 1, weak 1, MP-powered wands
}: 5/15 runes: decaying, serpentine, slimy, silver, abyssal
a: Renounce Religion


Innate Abilities, Weirdness & Mutations

Scrolls take you a little longer to read.
Armour fits poorly on your strangely shaped body.
You are frail. (-10% HP)
You are weak. (Str -2)
You expend magic power (3 MP) to strengthen your wands.


   Skills:
 - Level 26.0 Fighting
 - Level 26.0 Axes
 - Level 22.0 Armour
 - Level 13.6 Dodging
 - Level 14.8 Spellcasting
 - Level 12.0 Hexes
 - Level 10.6 Charms
 - Level 11.6 Summonings
 + Level 19.9 Necromancy
 - Level 10.0 Translocations
 * Level 12.8 Transmutations
 - Level 5.2 Air Magic


You had 7 spell levels left.
You knew the following spells:

 Your Spells              Type           Power        Failure   Level  Hunger
a - Spectral Weapon       Hex/Chrm       #####...     1%          3    None
b - Infestation           Necr           ######....   63%         8    #######
c - Passage of Golubria   Tloc           N/A          8%          4    ###....
d - Dispel Undead         Necr           ######..     1%          5    #####..
e - Lesser Beckoning      Tloc           ####......   2%          3    None
k - Necromutation         Tmut/Necr      #####.....   98%         8    #######
l - Blink                 Tloc           N/A          1%          2    None
q - Apportation           Tloc           ####..       1%          1    None
r - Regeneration          Chrm/Necr      #####.....   1%          3    None
t - Deflect Missiles      Chrm/Air       ####......   95%         6    ######.
x - Aura of Abjuration    Summ           #####.....   11%         5    #####..

Your spell library contained the following spells:

 Spells                   Type           Power        Failure   Level  Hunger
 Animate Skeleton         Necr           N/A          0%          1    None
 Pain                     Necr           ####         0%          1    None
 Beastly Appendage        Tmut           #####.       1%          1    None
 Confusing Touch          Hex            #####.       1%          1    None
 Corona                   Hex            #####..      1%          1    None
 Infusion                 Chrm           ####         1%          1    None
 Summon Butterflies       Summ           #####...     1%          1    None
 Summon Small Mammal      Summ           ####         1%          1    None
 Call Imp                 Summ           #####...     1%          2    None
 Corpse Rot               Necr           N/A          1%          2    None
 Shroud of Golubria       Chrm/Tloc      ####......   1%          2    None
 Slow                     Hex            #####...     1%          2    None
 Sticks to Snakes         Tmut           #####...     1%          2    None
 Sublimation of Blood     Necr           ######....   1%          2    None
 Confuse                  Hex            #####...     1%          3    None
 Portal Projectile        Hex/Tloc       #####.       1%          3    None
 Recall                   Summ/Tloc      N/A          1%          3    None
 Tukima's Dance           Hex            #####...     1%          3    None
 Vampiric Draining        Necr           ######....   1%          3    None
 Animate Dead             Necr           N/A          1%          4    ###....
 Agony                    Necr           ######..     1%          5    #####..
 Death Channel            Necr           ######....   1%          6    ######.
 Swiftness                Chrm/Air       ####....     2%          2    None
 Gell's Gravitas          Tloc           ####......   2%          3    None
 Teleport Other           Tloc           ####....     2%          3    None
 Excruciating Wounds      Chrm/Necr      #####.....   2%          5    #####..
 Cause Fear               Hex            #####.....   3%          4    ###....
 Passwall                 Tmut/Erth      ###.....     4%          2    None
 Ensorcelled Hibernation  Hex/Ice        ###...       6%          2    None
 Blade Hands              Tmut           #####.....   6%          5    #####..
 Yara's Violent Unravell  Hex/Tmut       #####.....   8%          5    #####..
 Spider Form              Tmut/Pois      ###.......   10%         3    None
 Summon Mana Viper        Hex/Summ       #####...     10%         5    #####..
 Summon Demon             Summ           #####.....   11%         5    #####..
 Dazzling Spray           Conj/Hex       ###...       12%         3    None
 Inner Flame              Hex/Fire       ###.....     12%         3    None
 Summon Lightning Spire   Summ/Air       ####....     14%         4    ###....
 Summon Forest            Summ/Tloc      ####......   14%         5    #####..
 Shock                    Conj/Air       ###.         16%         1    None
 Ozocubu's Armour         Chrm/Ice       ###.....     16%         3    None
 Bolt of Draining         Conj/Necr      ####......   21%         5    #####..
 Borgnjor's Vile Clutch   Necr/Erth      ####......   21%         5    #####..
 Poisonous Vapours        Pois/Air       ###...       24%         2    None
 Ignite Poison            Fire/Tmut/Pois ###.....     24%         3    None
 Ice Form                 Ice/Tmut       ###.....     32%         4    ###....
 Petrify                  Tmut/Erth      ###.....     32%         4    ###....
 Hydra Form               Tmut           #####.....   34%         6    ######.
 Fulminant Prism          Conj/Hex       ###.......   36%         4    ###....
 Leda's Liquefaction      Hex/Erth       ###.......   36%         4    ###....
 Silence                  Hex/Air        ####......   36%         5    #####..
 Summon Ice Beast         Ice/Summ       ###.....     38%         4    ###....
 Flame Tongue             Conj/Fire      #....        41%         1    None
 Freeze                   Ice            #...         41%         1    None
 Magic Dart               Conj           #...         41%         1    None
 Sting                    Conj/Pois      #...         41%         1    None
 Static Discharge         Conj/Air       ###.....     43%         3    None
 Airstrike                Air            ###.......   45%         4    ###....
 Darkness                 Hex            #####.....   45%         6    ######.
 Invisibility             Hex            #####...     45%         6    ######.
 Force Lance              Conj/Tloc      ###.....     50%         4    ###....
 Shadow Creatures         Summ           N/A          50%         6    ######.
 Haunt                    Necr/Summ      #####.....   50%         7    #######
 Mephitic Cloud           Conj/Pois/Air  ##......     54%         3    None
 Searing Ray              Conj           #.....       56%         2    None
 Throw Flame              Conj/Fire      #.....       56%         2    None
 Throw Frost              Conj/Ice       #.....       56%         2    None
 Alistair's Intoxication  Tmut/Pois      ###.....     65%         5    #####..
 Irradiate                Conj/Tmut      ###.......   65%         5    #####..
 Metabolic Englaciation   Hex/Ice        ###.......   71%         5    #####..
 Dispersal                Tloc           ####......   75%         6    ######.
 Simulacrum               Ice/Necr       ####......   75%         6    ######.
 Conjure Flame            Conj/Fire      #.......     80%         3    None
 Stone Arrow              Conj/Erth      #.....       80%         3    None
 Iskenderun's Battlesphe  Conj/Chrm      ###.....     80%         5    #####..
 Dragon Form              Tmut           #####.....   89%         7    #######
 Summon Hydra             Summ           #####.....   97%         7    #######
 Iskenderun's Mystic Bla  Conj           #.......     99%         4    ###....
 Olgreb's Toxic Radiance  Pois           #.......     99%         4    ###....
 Sticky Flame             Conj/Fire      #.......     99%         4    ###....
 Throw Icicle             Conj/Ice       #.......     99%         4    ###....
 Lightning Bolt           Conj/Air       ###.......   99%         5    #####..
 Statue Form              Tmut/Erth      ###......    99%         6    ######.
 Malign Gateway           Summ/Tloc      ####......   99%         7    #######
 Bolt of Magma            Conj/Fire/Erth #.........   100%        5    #####..
 Fireball                 Conj/Fire      #.........   100%        5    #####..
 Lee's Rapid Deconstruct  Erth           #.........   100%        5    #####..
 Venom Bolt               Conj/Pois      #.........   100%        5    #####..
 Bolt of Cold             Conj/Ice       #.........   100%        6    ######.
 Bolt of Fire             Conj/Fire      #.........   100%        6    ######.
 Conjure Ball Lightning   Conj/Air       ###.......   100%        6    ######.
 Freezing Cloud           Conj/Ice/Air   ##........   100%        6    ######.
 Iron Shot                Conj/Erth      #.........   100%        6    ######.
 Ozocubu's Refrigeration  Ice            #.........   100%        6    ######.
 Orb of Destruction       Conj           #.........   100%        7    #######
 Ring of Flames           Chrm/Fire      ###.......   100%        7    #######
 Spellforged Servitor     Conj/Summ      ###.......   100%        7    #######
 Borgnjor's Revivificati  Necr           ######....   63%         8    #######
 Death's Door             Chrm/Necr      #####.....   99%         8    #######
 Controlled Blink         Tloc           N/A          100%        8    #######
 Discord                  Hex            #####.....   100%        8    #######
 Disjunction              Tloc           ####......   100%        8    #######
 Dragon's Call            Summ           #####.....   100%        9    #######

Skill      XL: |  1  2  3  4  5  6  7  8  9 10 11 12 13 14 15 16 17 18 19 20 21 22 23 24 25 26 27 |
---------------+----------------------------------------------------------------------------------+-----
Axes           | 5 6 7 8 10 11 14 15 16 17 18 19 20 21 23 24 25 26 | 26.0
Fighting       | 6 9 10 12 14 15 16 17 18 19 20 21 22 23 24 26 | 26.0
Armour         | 5 7 9 11 13 14 15 16 17 18 19 20 21 22 | 22.0
Dodging        | 4 6 7 8 10 12 13 | 13.6
Spellcasting   | 2 4 6 8 9 10 11 14 | 14.8
Necromancy     | 6 10 11 12 19 | 19.9
Charms         | 4 8 9 10 | 10.6
Hexes          | 5 8 10 12 | 12.0
Translocations | 4 7 8 10 | 10.0
Summonings     | 1 11 | 11.6
Air Magic      | 5 |  5.2
Transmutations | 12 | 12.8

Action                   |  1- 3 |  4- 6 |  7- 9 | 10-12 | 13-15 | 16-18 | 19-21 | 22-24 | 25-27 || total
-------------------------+-------+-------+-------+-------+-------+-------+-------+-------+-------++-------
Melee: Hand axe          |   121 |   204 |   543 |   154 |       |       |       |       |       ||  1022
       Battleaxe         |       |       |       |   259 |       |       |       |       |       ||   259
       Executioner's axe |       |       |       |   197 |   911 |  1023 |  1201 |  1367 |  2659 ||  7358
Throw: Throwing net      |       |       |       |       |       |       |     1 |       |       ||     1
 Cast: Regeneration      |       |       |       |       |       |       |       |    21 |    93 ||   114
       Spectral Weapon   |       |       |       |       |       |       |       |    11 |    71 ||    82
       Blink             |       |       |       |       |       |       |       |     1 |       ||     1
       Aura of Abjuratio |       |       |       |       |       |       |       |       |    11 ||    11
       Lesser Beckoning  |       |       |       |       |       |       |       |       |     7 ||     7
       Deflect Missiles  |       |       |       |       |       |       |       |       |     1 ||     1
Invok: Berserk           |     1 |     3 |     6 |    14 |    12 |    18 |    10 |     1 |       ||    65
       Trog's Hand       |       |       |     1 |     5 |     3 |     8 |    10 |     2 |       ||    29
Evoke: Wand              |       |       |       |       |       |       |     4 |    13 |     8 ||    25
  Use: Scroll            |       |     7 |     9 |    13 |    14 |    11 |    10 |    12 |    62 ||   138
       Potion            |       |       |       |     8 |       |     5 |    11 |    17 |    42 ||    83
 Stab: Invisible         |       |       |       |     4 |       |     2 |       |       |    33 ||    39
       Petrified         |       |       |       |       |     1 |       |       |       |       ||     1
       Distracted        |       |       |       |       |       |       |     1 |     8 |    11 ||    20
       Confused          |       |       |       |       |       |       |       |     1 |     1 ||     2
  Eat: Chunk             |     3 |     9 |    19 |    40 |    58 |    59 |    45 |    17 |    15 ||   265
       Ration            |       |       |     2 |       |       |     2 |     3 |    11 |    17 ||    35
Armor: Leather armour    |    17 |       |       |       |       |       |       |       |       ||    17
       Animal skin       |     5 |       |       |       |       |       |       |       |       ||     5
       Ring mail         |    11 |    55 |    13 |       |       |       |       |       |       ||    79
       Chain mail        |       |       |   135 |       |       |       |       |       |       ||   135
       Plate armour      |       |       |    48 |   340 |   752 |  1119 |   840 |  1022 |   574 ||  4695
       Skin              |       |       |       |       |       |       |       |    10 |    71 ||    81
       Gold dragon scale |       |       |       |       |       |       |       |       |  1206 ||  1206
Dodge: Dodged            |    82 |    98 |   194 |   240 |   518 |   865 |   548 |   777 |  2375 ||  5697
       Deflected         |       |       |       |       |       |       |       |       |     3 ||     3
Block: Other             |       |       |       |       |       |       |    22 |   114 |       ||   136
       Reflection        |       |       |       |       |       |       |     6 |    15 |       ||    21

Inventory:

Hand Weapons
 a - a +9 executioner's axe of protection (weapon)
 b - a +9 executioner's axe
Armour
 i - a +2 pair of boots (worn)
 C - the +0 helmet of the Tarantula (worn) {rCorr Str+4}

   It affects your strength (+4).
   It provides partial protection from all sources of acid and corrosion.
 K - the +2 cloak "Misyef" {rF+ Str+5}

   It affects your strength (+5).
   It protects you from fire.
 N - +6 gold dragon scales (worn)
 U - the +2 pair of gloves of the Lute (worn) {rF+ rN+}

   It protects you from fire.
   It protects you from negative energy.
 V - the +1 cloak of Starlight (worn) {rElec rC+ EV+4 Stlth--}

   It affects your evasion (+4).
   It protects you from cold.
   It insulates you from electricity.
   It makes you much less stealthy.
Jewellery
 j - the ring of Ashub (right hand) {*Corrode rN+ Dex+3}

   [ring of positive energy]

   It affects your dexterity (+3).
   It protects you from negative energy.
   It may corrode you when you take damage.
 k - the ring of Relativism {MR+ EV+2 Int+3}

   [ring of evasion]

   It affects your evasion (+2).
   It affects your intelligence (+3).
   It affects your resistance to hostile enchantments.
 o - the amulet of the Fool (around neck) {rElec Regen+ Dex+4}

   [amulet of regeneration]

   It affects your dexterity (+4).
   It insulates you from electricity.
   It increases your rate of regeneration.
 p - the ring of Axughig {MP+9 Str+2}

   [ring of magical power]

   It affects your strength (+2).
   It affects your magic capacity (+9).
 A - the ring "Iwodwess" {rF++ rC++ Dex+3}

   [ring of dexterity]

   It affects your dexterity (+3).
   It greatly protects you from fire.
   It greatly protects you from cold.
 D - the ring "Wofot" {+Fly rElec rF+++ rC- Int+4}

   [ring of flight]

   It affects your intelligence (+4).
   It renders you almost immune to fire.
   It makes you vulnerable to cold.
   It insulates you from electricity.
   It lets you fly.
 E - the ring "Qahuabb" {rF+ Dex+3 SInv}

   [ring of see invisible]

   It affects your dexterity (+3).
   It protects you from fire.
   It lets you see invisible.
 L - the ring of Hoiqopo (left hand) {rN+ MP-9 Dex+8}

   [ring of positive energy]

   It affects your dexterity (+8).
   It protects you from negative energy.
   It affects your magic capacity (-9).
 P - the ring of Ninycem {rElec rC+ rCorr Dex+3 Stlth+}

   [ring of resist corrosion]

   It affects your dexterity (+3).
   It protects you from cold.
   It insulates you from electricity.
   It provides partial protection from all sources of acid and corrosion.
   It makes you more stealthy.
 W - an uncursed ring of wizardry
Wands
 d - a wand of digging (7)
 v - a wand of acid (66)
Scrolls
 f - 6 scrolls of fog
 n - 39 scrolls of remove curse
 r - 12 scrolls of identify
 t - 9 scrolls of teleportation {!r}
 y - 21 scrolls of magic mapping
 B - 12 scrolls of blinking
 I - 3 scrolls of immolation
 Q - 11 scrolls of fear
 S - 2 scrolls of holy word
Potions
 c - a potion of degeneration
 g - 11 potions of mutation
 h - 8 potions of haste
 l - 9 potions of cancellation
 s - 5 potions of ambrosia
 w - 24 potions of curing
 z - 8 potions of magic
 F - 9 potions of lignification
 G - 12 potions of brilliance
 H - 3 potions of resistance
 J - 14 potions of flight
 M - 4 potions of invisibility
 O - a potion of berserk rage
Miscellaneous
 u - a lamp of fire
 Z - 3 phantom mirrors
Comestibles
 e - 62 rations You were in Pandemonium. You worshipped Makhleb. Makhleb was exalted by your worship. You were not hungry. You visited 11 branches of the dungeon, and saw 57 of its levels. You visited Pandemonium 1 time, and saw 5 of its levels. You visited the Abyss 1 time. You visited 1 ziggurat, and saw 10 of its levels. You also visited: Ossuary, Ice Cave, Volcano and Wizlab. You collected 9311 gold pieces. You spent 4647 gold pieces at shops.

Dungeon Overview and Level Annotations

Branches:
Dungeon (15/15)            Temple (0/1) D:7            Lair (6/6) D:10
  Swamp (4/4) Lair:2        Snake (4/4) Lair:4        Slime (5/5) Lair:6
    Orc (2/2) D:9             Elf (3/3) Orc:2        Vaults (5/5) D:14
  Crypt (3/3) Vaults:3       Tomb (0/3) Crypt:3      Depths (5/5) D:15
    Zot (5/5) Depths:5

Altars:
Cheibriados
Elyvilon
Fedhas
Hepliaklqana
Kikubaaqudgha
Makhleb
Okawaru
Qazlal
Sif Muna
Trog
Vehumet
Yredelemnul
The Shining One
Beogh
Jiyva

Shops:
D:6 (   D:10 %   Orc:2 (((   Elf:2 (   Elf:3 !   Snake:2 =   Vaults:2 :*
Vaults:4 :   Vaults:5 }

Portals:
Hell: Depths:1 Depths:2 Depths:3 Depths:4 Depths:5
Abyss: Depths:2 Depths:4
Pandemonium: Depths:3

Annotations:
Zot:5 1 exclusion

#.......6.# #......&..#
######.....))..#
...............#
...............#########
.......$................
######.#...############
#&##...# #.#@#...#
#.###6...# #.# #2..# #.#
...# #6# ...# ... ....
.. .... ....


You could see Jikihut, a torturous warmonger and a reaper.

Notes
Turn   | Place    | Note
-------+----------+-------------------------------------------
     0 | D:1      | theanonym the Hill Orc Berserker began the quest for the
                  | Orb.
     0 | D:1      | Reached XP level 1. HP: 19/19 MP: 1/1
   147 | D:1      | HP: 12/28 [hobgoblin (4)]
   149 | D:1      | Reached XP level 2. HP: 16/26 MP: 2/2
   153 | D:1      | HP: 9/39 [goblin (3)]
   156 | D:1      | Reached skill level 5 in Axes
   166 | D:1      | HP: 3/26 [rat (2)]
   535 | D:1      | HP: 13/26 [hobgoblin/+0 club (3)]
   553 | D:1      | HP: 13/26 [giant cockroach (1)]
   791 | D:1      | Reached XP level 3. HP: 22/31 MP: 3/3
   854 | D:1      | Reached ** piety under Trog
  1201 | D:2      | Reached skill level 6 in Axes
  1538 | D:2      | Reached XP level 4. HP: 38/39 MP: 4/4
  1722 | D:2      | Found a stormy altar of Qazlal.
  2333 | D:3      | Reached skill level 7 in Axes
  2538 | D:3      | Reached XP level 5. HP: 42/45 MP: 5/5
  2773 | D:4      | Noticed an ogre
  2778 | D:4      | HP: 17/45 [ogre/+0 giant spiked club (20)]
  2781 | D:4      | Killed an ogre
  2781 | D:4      | Reached *** piety under Trog
  2781 | D:4      | Reached skill level 8 in Axes
  3139 | D:4      | Reached XP level 6. HP: 51/51 MP: 6/6
  3166 | D:4      | Found a blossoming altar of Fedhas.
  3384 | D:4      | Found a burning altar of Makhleb.
  3496 | D:4      | Reached skill level 9 in Axes
  3614 | D:4      | HP: 25/51 [bullfrog skeleton (5)]
  3845 | D:4      | Found a deep blue altar of Sif Muna.
  3981 | D:5      | Entered Level 5 of the Dungeon
  3981 | D:5      | Found a blossoming altar of Fedhas.
  3998 | D:5      | Reached skill level 10 in Axes
  3998 | D:5      | Reached XP level 7. HP: 57/57 MP: 7/7
  4048 | D:5      | Identified the cursed +0 buckler of the Illusory Runes
                  | {MP+9}
  4073 | D:5      | Paralysed by something for 5 turns
  4084 | D:5      | Paralysed by something for 2 turns
  4257 | D:5      | Reached skill level 11 in Axes
  4729 | D:6      | Reached XP level 8. HP: 64/64 MP: 8/8
  4868 | D:6      | Reached skill level 12 in Axes
  4901 | D:6      | HP: 48/96 [poisoned by a water moccasin]
  4906 | D:6      | HP: 28/64 [poisoned by a water moccasin]
  4911 | D:6      | HP: 25/64 [poisoned by a water moccasin]
  4917 | D:6      | HP: 23/64 [poisoned by a water moccasin]
  4923 | D:6      | HP: 22/64 [poisoned by a water moccasin]
  5087 | D:6      | Reached skill level 13 in Axes
  5118 | D:6      | Reached **** piety under Trog
  5129 | D:6      | Found a sand-covered staircase.
  5135 | Ossuary  | Entered an ossuary
  5400 | Ossuary  | Reached skill level 14 in Axes
  5520 | Ossuary  | Reached XP level 9. HP: 69/70 MP: 9/9
  5671 | D:6      | Found a hazy altar of Hepliaklqana.
  5899 | D:6      | Found Gehach's Antique Weapon Emporium.
  5989 | D:6      | HP: 32/71 [ice beast (8)]
  5995 | D:6      | Reached skill level 4 in Fighting
  5995 | D:6      | Reached skill level 15 in Axes
  6264 | D:6      | Found an iron altar of Okawaru.
  6630 | D:7      | Found a bloodstained altar of Trog.
  6725 | D:7      | Found a snail-covered altar of Cheibriados.
  6726 | D:7      | Found a radiant altar of Vehumet.
  6729 | D:7      | Reached skill level 3 in Armour
  6909 | D:7      | Reached ***** piety under Trog
  7067 | D:7      | Found a staircase to the Ecumenical Temple.
  7097 | D:7      | Reached skill level 5 in Fighting
  7180 | D:7      | Found a white marble altar of Elyvilon.
  7194 | D:7      | Reached skill level 4 in Armour
  7199 | D:7      | HP: 30/74 [hog (8)]
  7205 | D:7      | Reached skill level 6 in Fighting
  7206 | D:7      | Reached skill level 5 in Armour
  7206 | D:7      | Reached XP level 10. HP: 31/84 MP: 10/10
  8237 | D:8      | Reached skill level 7 in Fighting
  8313 | D:8      | Reached skill level 16 in Axes
  8313 | D:8      | Reached skill level 6 in Armour
  8807 | D:9      | Found a transporter.
  8807 | D:9      | Found a transporter.
  8808 | D:9      | Noticed a moth of wrath
  8809 | D:9      | Noticed SaintRoka's ghost (novice GnWz)
  8810 | D:9      | Found a bloodstained altar of Trog.
  8810 | D:9      | Identified the +8 rapier "Hiwub" {freeze, rElec MR+}
  8810 | D:9      | Noticed a tengu warrior
  8810 | D:9      | Identified the cursed +9 giant spiked club of the Shining
                  | Light {vamp, rElec Int+4 Stlth+}
  8810 | D:9      | Noticed a two-headed ogre
  8810 | D:9      | Identified the +0 double sword "Vesk" {antimagic, rF+ Str+4
                  | Int+3}
  8810 | D:9      | Noticed an orc knight
  8890 | D:9      | Found a staircase to the Orcish Mines.
  9129 | D:9      | Reached skill level 8 in Fighting
  9213 | D:9      | Reached skill level 7 in Armour
  9217 | D:9      | Found an ancient bone altar of Kikubaaqudgha.
  9223 | D:9      | Found a glowing golden altar of the Shining One.
  9252 | D:9      | Found a glowing golden altar of the Shining One.
  9659 | D:9      | Killed a moth of wrath
  9660 | D:9      | HP: 31/90 [two-headed ogre/the cursed +9 giant spiked club
                  | of the Shining Light {vamp, rElec Int+4 Stlth+} (18)]
  9674 | D:9      | Killed a two-headed ogre
  9674 | D:9      | Reached skill level 9 in Fighting
  9674 | D:9      | Reached XP level 11. HP: 50/97 MP: 11/11
  9683 | D:9      | Killed an orc knight
  9824 | D:9      | HP: 67/145 [tengu warrior/the +8 rapier "Hiwub" {freeze,
                  | rElec MR+} (7)]
  9828 | D:9      | Killed a tengu warrior
  9828 | D:9      | Reached skill level 8 in Armour
  9829 | D:9      | HP: 39/97 [SaintRoka's ghost (10)]
  9835 | D:9      | HP: 27/97 [SaintRoka's ghost] (1)]
  9840 | D:9      | HP: 42/97 [SaintRoka's ghost (3)]
  9846 | D:9      | HP: 32/97 [SaintRoka's ghost (4)]
  9862 | D:9      | Killed SaintRoka's ghost
 10050 | Orc:1    | Entered Level 1 of the Orcish Mines
 10131 | Orc:1    | Reached skill level 17 in Axes
 10280 | Orc:2    | Entered Level 2 of the Orcish Mines
 10286 | Orc:2    | Noticed a cyclops
 10306 | Orc:2    | Killed a cyclops
 10423 | Orc:1    | You fall into a shaft and drop 1 floor!
 10439 | Orc:2    | Noticed an orc high priest
 10450 | Orc:2    | Killed an orc high priest
 10450 | Orc:2    | Reached skill level 10 in Fighting
 10706 | Orc:2    | Noticed an orc high priest
 10707 | Orc:2    | Noticed an orc high priest
 10707 | Orc:2    | Noticed an orc knight
 10731 | Orc:2    | Killed an orc knight
 10731 | Orc:2    | Reached skill level 9 in Armour
 10733 | Orc:2    | Noticed an orc high priest
 10735 | Orc:2    | HP: 40/100 [orc high priest/divine providence (15)]
 10970 | Orc:2    | Found a staircase to the Elven Halls.
 11044 | Orc:2    | Noticed a two-headed ogre
 11056 | Orc:2    | Received a gift from Trog
 11061 | Orc:2    | Killed a two-headed ogre
 11223 | Orc:2    | Noticed a soul eater
 11230 | Orc:2    | Killed an orc high priest
 11241 | Orc:2    | Noticed a sixfirhy
 11403 | Orc:2    | Found Oquis's Antique Weapon Shoppe.
 11403 | Orc:2    | Found Akevo's Weapon Boutique.
 11409 | Orc:2    | Noticed an orc high priest
 11420 | Orc:2    | Killed an orc high priest
 11420 | Orc:2    | Reached XP level 12. HP: 103/108 MP: 4/12
 11424 | Orc:2    | Reached skill level 11 in Fighting
 11425 | Orc:2    | Found a roughly hewn altar of Beogh.
 11668 | Orc:2    | Noticed Jorgrun
 11675 | Orc:2    | HP: 77/165 [Jorgrun/+0 quarterstaff of crushing (14)]
 11676 | Orc:2    | Killed an orc high priest
 11676 | Orc:2    | Reached skill level 10 in Armour
 11683 | Orc:2    | Killed Jorgrun
 11683 | Orc:2    | Reached skill level 18 in Axes
 11686 | Orc:2    | HP: 56/165 [warg (1)]
 12059 | Orc:2    | Killed an orc high priest
 12061 | Orc:2    | Found a roughly hewn altar of Beogh.
 12285 | Orc:2    | Noticed an orc high priest
 12285 | Orc:2    | Noticed an orc high priest
 12287 | Orc:2    | Found Xygikah's Weapon Shoppe.
 12287 | Orc:2    | Found Yciviesk's Distillery.
 12294 | Orc:2    | HP: 83/166 [orc priest/divine providence (10)]
 12295 | Orc:2    | Killed an orc high priest
 12299 | Orc:2    | HP: 73/168 [orc priest/divine providence (12)]
 12305 | Orc:2    | Killed an orc high priest
 12577 | Orc:2    | Bought a potion of curing for 45 gold pieces
 12686 | D:10     | Entered Level 10 of the Dungeon
 12763 | D:10     | Found a transporter.
 12764 | D:10     | Noticed vogonpoet's ghost (journeyman SpAs)
 12777 | D:10     | Found a transporter.
 12787 | D:10     | Reached skill level 12 in Fighting
 12913 | D:10     | Found Dipefous's Food Emporium.
 13122 | D:10     | Found a staircase to the Lair.
 13128 | D:10     | Received a gift from Trog
 13132 | D:10     | Reached skill level 11 in Armour
 13241 | D:10     | Reached ****** piety under Trog
 13482 | Lair:1   | Entered Level 1 of the Lair of Beasts
 13923 | Lair:1   | Noticed a five-headed hydra
 13929 | Lair:1   | Killed an eight-headed hydra
 13975 | Lair:1   | Reached XP level 13. HP: 119/119 MP: 4/13
 14117 | Lair:1   | Noticed Nergalle
 14124 | Lair:1   | Killed Nergalle
 14188 | Lair:1   | Reached skill level 19 in Axes
 14306 | Lair:1   | Reached skill level 13 in Fighting
 15102 | Lair:2   | Reached skill level 12 in Armour
 15420 | Lair:2   | Found a staircase to the Swamp.
 16139 | Lair:3   | HP: 91/183 [eight-headed hydra (10)]
 16150 | Lair:3   | Found a dark tunnel.
 16348 | Volcano  | Entered a volcano
 16389 | Volcano  | HP: 61/122 [salamander/+0 glaive (6)]
 16395 | Volcano  | HP: 44/122 [salamander/+0 glaive (6)]
 17017 | Lair:3   | Noticed Fannar
 17027 | Lair:3   | Killed Fannar
 17183 | Lair:3   | Received a gift from Trog
 17541 | Lair:3   | Received a gift from Trog
 17541 | Lair:3   | Reached skill level 14 in Fighting
 17837 | Lair:4   | Found a staircase to the Snake Pit.
 18086 | Lair:4   | Reached skill level 13 in Armour
 18126 | Lair:4   | Reached XP level 14. HP: 112/132 MP: 14/14
 18127 | Lair:4   | Reached skill level 20 in Axes
 18845 | Lair:5   | HP: 65/133 [blink frog (43)]
 18848 | Lair:5   | Reached skill level 2 in Dodging
 19079 | Lair:5   | HP: 62/133 [nine-headed hydra (7)]
 19085 | Lair:5   | HP: 80/199 [poisoned by a spiny frog]
 19090 | Lair:5   | HP: 52/133 [poisoned by a spiny frog]
 19096 | Lair:5   | HP: 52/133 [poisoned by a spiny frog]
 19102 | Lair:5   | HP: 53/133 [poisoned by a spiny frog]
 19934 | Lair:6   | Entered Level 6 of the Lair of Beasts
 19934 | Lair:6   | Found a viscous altar of Jiyva.
 19935 | Lair:6   | Found a staircase to the Slime Pits.
 20011 | Lair:6   | Received a gift from Trog
 20023 | Lair:6   | Reached skill level 3 in Dodging
 20131 | Lair:6   | Reached skill level 15 in Fighting
 20838 | Lair:6   | Reached skill level 14 in Armour
 20838 | Lair:6   | Reached skill level 4 in Dodging
 20886 | Lair:6   | HP: 66/135 [blink frog (3)]
 20894 | Lair:6   | HP: 61/135 [blink frog (8)]
 21397 | Lair:6   | Reached XP level 15. HP: 141/141 MP: 15/15
 21689 | D:11     | Noticed Erolcha
 21696 | D:11     | Killed Erolcha
 21849 | D:11     | Received a gift from Trog
 21898 | D:11     | Reached skill level 21 in Axes
 22367 | D:12     | Reached skill level 5 in Dodging
 22700 | D:12     | Received a gift from Trog
 23434 | D:13     | Found a large runed translucent door.
 23434 | D:13     | Found a large runed translucent door.
 23434 | D:13     | Noticed namelastname112's ghost (journeyman DrMo)
 23464 | D:13     | You fall into a shaft and drop 2 floors!
 23464 | D:15     | Entered Level 15 of the Dungeon
 23655 | D:15     | Reached skill level 16 in Fighting
 23821 | D:15     | Reached skill level 6 in Dodging
 23915 | D:15     | Found a staircase to the Depths.
 24280 | D:15     | Reached skill level 15 in Armour
 24396 | D:13     | Received a gift from Trog
 24880 | D:13     | Noticed Josephine
 24890 | D:13     | Killed Josephine
 24890 | D:13     | Reached XP level 16. HP: 152/152 MP: 16/16
 25256 | D:13     | Killed namelastname112's ghost
 25392 | D:14     | Found a gate to the Vaults.
 25414 | D:14     | Reached skill level 7 in Dodging
 26179 | D:14     | Reached skill level 22 in Axes
 27430 | Swamp:1  | Entered Level 1 of the Swamp
 27545 | D:10     | Received a gift from Trog
 27546 | D:10     | Reached skill level 17 in Fighting
 27549 | D:10     | Killed vogonpoet's ghost
 27554 | D:10     | Got a pair of jewelled gloves
 27566 | D:10     | Identified the +2 pair of gloves of the Lute {rF+ rN+} (You
                  | found it on level 10 of the Dungeon)
 27929 | Swamp:1  | HP: 70/155 [hornet[a shambling mangrove] (9)]
 29032 | Swamp:2  | HP: 111/232 [alligator[an alligator] (13)]
 29040 | Swamp:2  | HP: 55/155 [alligator (10)]
 29045 | Swamp:2  | HP: 43/155 [six-headed hydra (6)]
 29911 | Swamp:2  | Reached skill level 16 in Armour
 30147 | Swamp:2  | HP: 112/232 [spriggan druid/angry trees (12)]
 30155 | Swamp:2  | HP: 98/232 [swamp dragon[a spriggan druid] (9)]
 30157 | Swamp:2  | Received a gift from Trog
 30452 | Swamp:2  | HP: 72/155 [spriggan berserker/+0 quarterstaff (25)]
 30455 | Swamp:2  | HP: 32/232 [death yak[a spriggan berserker] (17)]
 31137 | Swamp:3  | Reached skill level 23 in Axes
 31137 | Swamp:3  | Reached XP level 17. HP: 153/162 MP: 17/17
 31288 | Swamp:3  | Noticed Kirke
 31302 | Swamp:3  | Killed Kirke
 31827 | Swamp:3  | Got a twitching lead ring
 31845 | Swamp:3  | Identified the ring "Qahuabb" {rF+ Dex+3 SInv} (You found
                  | it on level 3 of the Swamp)
 31876 | Swamp:3  | HP: 74/163 [insubstantial wisp/static electricity (9)]
 32356 | Swamp:4  | Entered Level 4 of the Swamp
 32377 | Swamp:4  | Noticed Bai Suzhen
 32393 | Swamp:4  | Killed Bai Suzhen
 32872 | Swamp:4  | Noticed Nikola
 32893 | Swamp:4  | HP: 81/163 [Nikola/bolt of lightning (11)]
 32898 | Swamp:4  | HP: 73/163 [Nikola/chain lightning (5)]
 32898 | Swamp:4  | Killed Nikola
 32898 | Swamp:4  | Reached skill level 18 in Fighting
 33277 | Swamp:4  | Noticed the 27-headed Lernaean hydra
 33291 | Swamp:4  | Killed the 27-headed Lernaean hydra
 33301 | Swamp:4  | HP: 77/163 [nine-headed hydra (7)]
 33693 | Swamp:4  | HP: 79/163 [15-headed hydra (8)]
 33697 | Swamp:4  | HP: 31/244 [18-headed hydra (10)]
 33700 | Swamp:4  | HP: 12/244 [19-headed hydra (10)]
 33705 | Swamp:4  | HP: 11/244 [poisoned by a swamp dragon (blast of poison)]
 33712 | Swamp:4  | HP: 17/163 [poisoned by a swamp dragon (blast of poison)]
 33717 | Swamp:4  | HP: 24/163 [poisoned by a swamp dragon (blast of poison)]
 34160 | Swamp:4  | Reached skill level 24 in Axes
 34172 | Swamp:4  | Received a gift from Trog
 34544 | Swamp:4  | Noticed Roxanne
 34566 | Swamp:4  | Killed Roxanne
 34751 | Swamp:4  | Got a decaying rune of Zot
 35132 | Snake:1  | Entered Level 1 of the Snake Pit
 35570 | Snake:1  | Reached skill level 17 in Armour
 35950 | Snake:1  | Reached XP level 18. HP: 153/173 MP: 18/18
 36274 | Snake:2  | Found Ocyamerph's Jewellery Emporium.
 36282 | Snake:2  | Bought a +5 ring of slaying for 1591 gold pieces
 36335 | Snake:2  | Received a gift from Trog
 37087 | Snake:3  | HP: 81/173 [shock serpent/bolt of electricity (28)]
 37092 | Snake:3  | HP: 120/259 [shock serpent/electric aura (3)]
 37642 | Snake:3  | Noticed Saint Roka
 37655 | Snake:3  | HP: 129/261 [orc warrior/exploding inner flame[the player
                  | character] (3)]
 37655 | Snake:3  | Reached skill level 25 in Axes
 37660 | Snake:3  | Killed Saint Roka
 37660 | Snake:3  | HP: 79/261 [Saint Roka/exploding inner flame[the player
                  | character] (5)]
 37665 | Snake:3  | HP: 58/261 [salamander/exploding inner flame[the player
                  | character] (5)]
 37667 | Snake:3  | HP: 28/174 [cloud of flame (9)]
 38379 | Snake:3  | Reached skill level 19 in Fighting
 38538 | Snake:4  | Entered Level 4 of the Snake Pit
 39237 | Snake:4  | Received a gift from Trog
 39375 | Snake:4  | HP: 84/176 [naga sharpshooter/bolt (8)]
 39380 | Snake:4  | HP: 72/176 [poisoned by a naga (splash of poison)]
 39385 | Snake:4  | HP: 68/176 [poisoned by a naga (splash of poison)]
 39391 | Snake:4  | HP: 66/176 [poisoned by a naga (splash of poison)]
 39398 | Snake:4  | HP: 67/176 [poisoned by a naga (splash of poison)]
 39403 | Snake:4  | HP: 68/176 [poisoned by a naga (splash of poison)]
 40019 | Snake:4  | Reached XP level 19. HP: 155/183 MP: 19/19
 40053 | Snake:4  | HP: 90/183 [naga mage/+2 halberd of protection (9)]
 40058 | Snake:4  | HP: 88/183 [poisoned by a naga mage (poison arrow)]
 40063 | Snake:4  | HP: 87/183 [poisoned by a naga mage (poison arrow)]
 40070 | Snake:4  | HP: 86/183 [poisoned by a naga mage (poison arrow)]
 40078 | Snake:4  | HP: 87/183 [poisoned by a naga mage (poison arrow)]
 40086 | Snake:4  | HP: 88/183 [poisoned by a naga mage (poison arrow)]
 40094 | Snake:4  | HP: 86/183 [nagaraja/+0 spear (6)]
 40099 | Snake:4  | HP: 83/183 [poisoned by a nagaraja (splash of poison)]
 40104 | Snake:4  | HP: 55/183 [poisoned by a nagaraja (splash of poison)]
 40110 | Snake:4  | HP: 54/183 [poisoned by a nagaraja (splash of poison)]
 40115 | Snake:4  | HP: 54/183 [naga warrior/splash of poison (1)]
 40121 | Snake:4  | HP: 52/183 [poisoned by a naga warrior (splash of poison)]
 40126 | Snake:4  | HP: 37/183 [poisoned by a naga warrior (splash of poison)]
 40129 | Snake:4  | HP: 18/274 [naga mage/+0 spear (5)]
 40136 | Snake:4  | HP: 8/183 [poisoned by a naga warrior (splash of poison)]
 40142 | Snake:4  | HP: 8/183 [poisoned by a naga warrior (splash of poison)]
 40619 | Snake:4  | Reached skill level 18 in Armour
 40679 | Snake:4  | Reached skill level 26 in Axes
 40713 | Snake:4  | HP: 90/183 [nagaraja/orb of energy (18)]
 40718 | Snake:4  | HP: 77/183 [nagaraja/poison arrow (8)]
 40723 | Snake:4  | HP: 72/184 [poisoned by a nagaraja (poison arrow)]
 40728 | Snake:4  | HP: 68/184 [poisoned by a nagaraja (poison arrow)]
 40733 | Snake:4  | HP: 66/184 [poisoned by a nagaraja (poison arrow)]
 40738 | Snake:4  | HP: 65/184 [poisoned by a nagaraja (poison arrow)]
 40743 | Snake:4  | HP: 65/184 [poisoned by a nagaraja (poison arrow)]
 40750 | Snake:4  | HP: 66/184 [poisoned by a nagaraja (poison arrow)]
 40758 | Snake:4  | HP: 67/184 [poisoned by a nagaraja (poison arrow)]
 40816 | Snake:4  | HP: 76/184 [shock serpent/bolt of electricity (14)]
 40820 | Snake:4  | Received a gift from Trog
 40837 | Snake:4  | HP: 39/184 [poisoned by a naga mage (splash of poison)]
 40843 | Snake:4  | HP: 33/184 [poisoned by a naga mage (splash of poison)]
 40848 | Snake:4  | HP: 33/184 [poisoned by a naga mage (splash of poison)]
 40855 | Snake:4  | HP: 34/184 [poisoned by a naga mage (splash of poison)]
 40863 | Snake:4  | HP: 35/184 [poisoned by a naga mage (splash of poison)]
 41255 | Snake:4  | Got a serpentine rune of Zot
 41669 | Vaults:1 | Entered Level 1 of the Vaults
 41795 | Vaults:1 | Identified a scroll of acquirement
 41797 | Vaults:1 | Got a flickering marble ring
 41798 | Vaults:1 | Identified the ring of Xom's Reproof {+Fly rElec Int+4}
                  | (You acquired it on level 1 of the Vaults)
 41908 | Vaults:1 | Received a gift from Trog
 42012 | Vaults:1 | You fall into a shaft and drop 1 floor!
 42012 | Vaults:2 | Found Xoimeffa's Book Shoppe.
 42194 | Vaults:2 | Reached skill level 20 in Fighting
 42227 | Vaults:2 | Reached skill level 8 in Dodging
 42434 | Vaults:2 | Found Roptufy's General Store.
 42621 | Vaults:2 | Reached skill level 1 in Spellcasting
 42644 | Vaults:2 | HP: 85/185 [deep elf mage/lance of force[an ironheart
                  | preserver] (20)]
 42649 | Vaults:2 | HP: 79/185 [centaur/arrow[a boggart] (2)]
 42654 | Vaults:2 | HP: 29/185 [flayed ghost/flay_damage (17)]
 42662 | Vaults:2 | HP: 41/185 [troll (shapeshifter) (8)]
 42672 | Vaults:2 | HP: 49/185 [centaur/arrow[a boggart] (6)]
 42698 | Vaults:2 | Received a gift from Trog
 42712 | Vaults:2 | Reached skill level 2 in Spellcasting
 43218 | Vaults:2 | Bought a scroll of teleportation for 51 gold pieces
 43218 | Vaults:2 | Bought a potion of heal wounds for 85 gold pieces
 43575 | Vaults:2 | Reached XP level 20. HP: 195/195 MP: 24/24
 43580 | Vaults:2 | Reached skill level 9 in Dodging
 43584 | Vaults:2 | Reached skill level 3 in Spellcasting
 44167 | Vaults:3 | HP: 83/195 [ghoul (17)]
 45011 | Vaults:3 | HP: 94/195 [yaktaur/bolt (8)]
 45531 | Vaults:3 | Reached skill level 4 in Spellcasting
 45669 | Vaults:3 | HP: 74/195 [frost giant/bolt of cold (29)]
 45675 | Vaults:3 | HP: 23/195 [frost giant/+0 battleaxe of freezing (23)]
 45679 | Vaults:3 | Reached skill level 21 in Fighting
 46448 | Vaults:3 | Found a staircase to the Crypt.
 46536 | Vaults:4 | Noticed Sojobo
 46787 | Vaults:4 | Killed Sojobo
 46787 | Vaults:4 | Reached skill level 19 in Armour
 46789 | Vaults:4 | Reached skill level 10 in Dodging
 47371 | Vaults:4 | Found Gaevonn's Book Boutique.
 47869 | Vaults:4 | Reached XP level 21. HP: 169/205 MP: 28/28
 48429 | Snake:2  | Bought an uncursed ring of protection from cold for 350
                  | gold pieces
 48603 | Elf:1    | Entered Level 1 of the Elven Halls
 48729 | Elf:1    | Found a frozen archway.
 48741 | IceCv    | Entered an ice cave
 48795 | IceCv    | HP: 102/205 [ice statue] (5)]
 48800 | IceCv    | HP: 102/205 [something (2)]
 48805 | IceCv    | HP: 86/205 [harpy simulacrum (2)]
 48812 | IceCv    | HP: 51/205 [ice statue/shard of ice (14)]
 48817 | IceCv    | HP: 66/205 [white very ugly thing (2)]
 48822 | IceCv    | Received a gift from Trog
 48822 | IceCv    | HP: 57/205 [iron troll simulacrum (4)]
 49289 | Elf:1    | HP: 96/205 [deep elf annihilator/crystal spear (60)]
 49294 | Elf:1    | HP: 81/307 [deep elf mage/bolt of lightning (22)]
 49307 | Elf:1    | HP: 67/205 [deep elf archer/arrow (23)]
 49316 | Elf:1    | HP: 67/205 [earth elemental[a deep elf mage] (5)]
 49327 | Elf:1    | HP: 54/205 [deep elf archer/arrow (24)]
 49332 | Elf:1    | HP: 25/205 [deep elf mage/stone arrow (21)]
 49749 | Elf:1    | Identified the Compendium of Calling
 50366 | Elf:1    | Reached skill level 11 in Dodging
 50950 | Elf:2    | Identified Ts'ui PĂȘn's Grimoire of Forking Paths
 50957 | Elf:2    | Identified the Handbook of Dhcmrlchtdj
 51132 | Elf:2    | Found a huge runed translucent gate.
 51132 | Elf:2    | Found a huge runed translucent gate.
 51133 | Elf:2    | Found a huge runed translucent gate.
 51217 | Elf:2    | Identified the Compendium of Combed Thunderclap
 51233 | Elf:2    | Found Xakheunoa's Weapon Boutique.
 51259 | Elf:2    | Received a gift from Trog
 51363 | Elf:2    | Found a huge runed translucent gate.
 51363 | Elf:2    | Found a huge runed translucent gate.
 51409 | Elf:2    | Reached skill level 22 in Fighting
 51674 | Elf:2    | HP: 97/207 [something (9)]
 51675 | Elf:2    | Reached skill level 20 in Armour
 51681 | Elf:2    | HP: 99/207 [poisoned by a +3 quick blade of venom]
 51687 | Elf:2    | HP: 100/207 [poisoned by a +3 quick blade of venom]
 52062 | Elf:3    | Entered Level 3 of the Elven Halls
 52155 | Elf:3    | Was placed under penance by Trog
 52157 | Elf:3    | Learned a level 1 spell: Apportation
 52160 | Elf:3    | Learned a level 2 spell: Blink
 52408 | Elf:3    | Found a runed translucent gate.
 52597 | Elf:3    | Found Atzoam's Distillery.
 52605 | Elf:3    | Bought a potion of might for 72 gold pieces
 52605 | Elf:3    | Bought a potion of heal wounds for 90 gold pieces
 52605 | Elf:3    | Bought 2 potions of might for 144 gold pieces
 52605 | Elf:3    | Bought a potion of mutation for 144 gold pieces
 52605 | Elf:3    | Bought a potion of agility for 72 gold pieces
 52605 | Elf:3    | Bought a potion of haste for 180 gold pieces
 52970 | Elf:3    | Noticed eyesofgods1's ghost (adept DsFi)
 52971 | Elf:3    | Found a runed translucent gate.
 52972 | Elf:3    | Found a runed translucent gate.
 52974 | Elf:3    | Found an iron altar of Okawaru.
 53512 | Elf:3    | Killed eyesofgods1's ghost
 54047 | Depths:1 | Entered Level 1 of the Depths
 54052 | Depths:1 | Reached skill level 12 in Dodging
 54095 | Depths:1 | HP: 78/209 [cyclops[the rage of Trog] (32)]
 54100 | Depths:1 | HP: 101/209 [yaktaur/bolt (2)]
 54106 | Depths:1 | HP: 88/209 [yaktaur/bolt (10)]
 54107 | Depths:1 | Reached XP level 22. HP: 92/217 MP: 13/29
 54223 | Depths:1 | HP: 107/217 [frost giant/bolt of cold (4)]
 54246 | Depths:1 | HP: 104/217 [ettin/+0 dire flail (13)]
 54572 | Depths:1 | Found a gateway to a ziggurat.
 54608 | Depths:1 | Was forgiven by Trog
 54664 | Depths:1 | HP: 105/217 [acid (12)]
 54673 | Depths:1 | HP: 144/325 [fire giant/+3 great sword of flaming (12)]
 54679 | Depths:1 | HP: 138/325 [deep troll (10)]
 54690 | Depths:1 | HP: 135/325 [yaktaur/bolt (12)]
 54695 | Depths:1 | HP: 71/217 [yaktaur/bolt (9)]
 54701 | Depths:1 | HP: 65/217 [yaktaur/bolt (10)]
 54707 | Depths:1 | HP: 56/217 [yaktaur/bolt (12)]
 54712 | Depths:1 | HP: 43/217 [yaktaur/bolt (16)]
 54717 | Depths:1 | HP: 41/217 [poisoned by an ogre mage (bolt of poison)]
 54722 | Depths:1 | HP: 46/217 [poisoned by an ogre mage (bolt of poison)]
 54724 | Depths:1 | Found a basalt altar of Yredelemnul.
 54727 | Depths:1 | HP: 41/217 [poisoned by an ogre mage (bolt of poison)]
 54733 | Depths:1 | HP: 48/217 [poisoned by an ogre mage (bolt of poison)]
 54738 | Depths:1 | HP: 53/217 [poisoned by an ogre mage (bolt of poison)]
 54745 | Depths:1 | HP: 56/217 [poisoned by an ogre mage (bolt of poison)]
 54753 | Depths:1 | HP: 58/217 [poisoned by an ogre mage (bolt of poison)]
 55116 | Depths:1 | Reached skill level 23 in Fighting
 55147 | Depths:1 | Found a gateway to Hell.
 55459 | D:4      | Fell from the grace of Trog
 55459 | D:4      | Became a worshipper of Makhleb the Destroyer
 55526 | D:6      | Learned a level 3 spell: Lesser Beckoning
 55530 | D:6      | Learned a level 3 spell: Regeneration
 55537 | D:6      | Learned a level 6 spell: Deflect Missiles
 55828 | Vaults:2 | Bought the Handbook of Beguiling and Aid for 400 gold
                  | pieces
 55832 | Vaults:2 | Learned a level 3 spell: Spectral Weapon
 56092 | Depths:1 | Found a basalt altar of Yredelemnul.
 56457 | Depths:1 | Reached skill level 1 in Necromancy
 56474 | Depths:1 | Reached skill level 1 in Charms
 56479 | Depths:1 | Reached skill level 2 in Necromancy
 56521 | Depths:1 | HP: 109/219 [poison (dark miasma)]
 56526 | Depths:1 | HP: 100/219 [poison (dark miasma)]
 56531 | Depths:1 | HP: 93/219 [poison (dark miasma)]
 56536 | Depths:1 | HP: 90/219 [poison (dark miasma)]
 56538 | Depths:1 | Paralysed by Trog for 3 turns
 56541 | Depths:1 | HP: 87/219 [poison (dark miasma)]
 56547 | Depths:1 | HP: 86/219 [poison (dark miasma)]
 56554 | Depths:1 | HP: 86/219 [poison (dark miasma)]
 56986 | Depths:2 | Reached skill level 5 in Spellcasting
 57040 | Depths:2 | HP: 103/220 [titanic slime creature (64)]
 57376 | Depths:2 | Reached skill level 3 in Necromancy
 57449 | Depths:2 | Reached skill level 2 in Charms
 57453 | Depths:2 | Noticed a golden dragon
 57468 | Depths:2 | Killed a golden dragon
 57468 | Depths:2 | Reached skill level 4 in Necromancy
 57479 | Depths:2 | Reached * piety under Makhleb
 57677 | Depths:2 | Found a one-way gate to the infinite horrors of the Abyss.
 57969 | Depths:2 | Reached skill level 3 in Charms
 57977 | Depths:2 | Reached skill level 5 in Necromancy
 58344 | Depths:2 | HP: 108/220 [stone giant[the rage of Trog] (27)]
 58349 | Depths:2 | HP: 92/220 [poisoned by a black mamba]
 58355 | Depths:2 | HP: 84/220 [frost giant/+2 battleaxe of freezing (9)]
 58693 | Depths:3 | Reached skill level 6 in Necromancy
 58853 | Depths:3 | Reached ** piety under Makhleb
 59139 | Depths:3 | Reached skill level 4 in Charms
 59146 | Depths:3 | Reached skill level 6 in Spellcasting
 59166 | Depths:3 | Reached XP level 23. HP: 180/226 MP: 20/32
 59371 | Depths:3 | Reached skill level 7 in Necromancy
 59387 | Depths:3 | HP: 100/226 [death yak[a spriggan berserker] (21)]
 59393 | Depths:3 | HP: 53/226 [stone giant/large rock (9)]
 59398 | Depths:3 | HP: 99/339 [burnt (2)]
 59406 | Depths:3 | HP: 110/339 [flayed ghost (3)]
 59459 | Depths:3 | HP: 110/226 [yaktaur captain/bolt (21)]
 59470 | Depths:3 | HP: 104/226 [frost giant/+2 battleaxe of freezing (14)]
 59758 | Depths:3 | Reached *** piety under Makhleb
 59794 | Depths:3 | Reached skill level 5 in Charms
 59794 | Depths:3 | Reached skill level 8 in Necromancy
 59895 | Depths:3 | Paralysed by a floating eye for 4 turns
 60324 | Depths:3 | Found a one-way gate leading to the halls of Pandemonium.
 60438 | Depths:4 | Reached skill level 9 in Necromancy
 60557 | Depths:4 | Reached skill level 7 in Spellcasting
 60563 | Depths:4 | Reached **** piety under Makhleb
 60630 | Depths:4 | Reached skill level 6 in Charms
 60773 | Depths:4 | Noticed a juggernaut
 60774 | Depths:4 | Noticed a caustic shrike
 60783 | Depths:4 | HP: 110/226 [spark wasp/living lightning (6)]
 60784 | Depths:4 | Killed a caustic shrike
 60788 | Depths:4 | HP: 74/226 [juggernaut (44)]
 60794 | Depths:4 | Reached skill level 10 in Necromancy
 60797 | Depths:4 | Killed a juggernaut
 60818 | Depths:4 | Reached ***** piety under Makhleb
 60990 | Depths:4 | Reached skill level 7 in Charms
 61252 | Depths:5 | Entered Level 5 of the Depths
 61369 | Depths:5 | Reached skill level 8 in Spellcasting
 61473 | Depths:5 | Reached skill level 8 in Charms
 61677 | Depths:5 | Reached XP level 24. HP: 189/235 MP: 29/35
 61820 | Depths:5 | Reached skill level 1 in Hexes
 61866 | Depths:5 | Reached skill level 1 in Translocations
 61916 | Depths:5 | Reached skill level 2 in Hexes
 62162 | Depths:5 | Reached skill level 2 in Translocations
 62317 | Depths:5 | HP: 117/235 [poison (poison gas)]
 62322 | Depths:5 | HP: 110/235 [poison (poison gas)]
 62327 | Depths:5 | HP: 106/235 [poison (poison gas)]
 62332 | Depths:5 | HP: 103/235 [poison (poison gas)]
 62338 | Depths:5 | HP: 102/235 [poison (poison gas)]
 62345 | Depths:5 | HP: 103/235 [poison (poison gas)]
 62352 | Depths:5 | HP: 104/235 [poison (poison gas)]
 62360 | Depths:5 | HP: 106/235 [poison (poison gas)]
 62643 | Depths:5 | Found a gate to the Realm of Zot.
 62689 | Depths:5 | HP: 96/235 [stone giant[the rage of Trog] (26)]
 62691 | Depths:5 | HP: 34/235 [stone giant[the rage of Trog] (25)]
 63058 | Depths:5 | HP: 114/235 [stone giant[the rage of Trog] (13)]
 63910 | Elf:3    | Reached skill level 3 in Hexes
 63919 | Elf:3    | Noticed Mara
 63920 | Elf:3    | Noticed theanonym's illusion
 63946 | Elf:3    | Killed Mara
 63968 | Elf:3    | HP: 117/235 [deep elf annihilator/bolt of lightning (12)]
 64126 | Elf:3    | HP: 166/352 [stone giant[the rage of Trog] (18)]
 64132 | Elf:3    | HP: 163/352 [troll[the rage of Trog] (5)]
 64141 | Elf:3    | HP: 46/235 [deep elf annihilator/iron shot (14)]
 64146 | Elf:3    | Reached skill level 9 in Spellcasting
 64147 | Elf:3    | HP: 57/235 [deep elf high priest/divine providence (12)]
 64543 | Elf:3    | Reached skill level 9 in Charms
 64543 | Elf:3    | Reached skill level 3 in Translocations
 64550 | Elf:3    | Learned a level 1 spell: Beastly Appendage
 64612 | Elf:3    | Reached ****** piety under Makhleb
 64707 | Elf:3    | Reached skill level 4 in Hexes
 64931 | Elf:3    | Reached skill level 11 in Necromancy
 65056 | Elf:3    | Identified the +1 leather armour "Maiq" {+Fly rC- Str+9
                  | Dex+2}
 65157 | Elf:3    | Found the +1 cloak of Starlight {rElec rC+ EV+4 Stlth--}
 65175 | Elf:3    | Identified the +1 scimitar of Descent {slice, rPois rF+
                  | Str-3 Stlth+}
 65815 | D:12     | HP: 110/236 [deep troll[the rage of Trog] (12)]
 66324 | Crypt:1  | Entered Level 1 of the Crypt
 66352 | Crypt:1  | Reached skill level 4 in Translocations
 66361 | Crypt:1  | Reached skill level 5 in Hexes
 66616 | Crypt:1  | Reached XP level 25. HP: 244/244 MP: 36/36
 66647 | Crypt:1  | Paralysed by something for 4 turns
 66719 | Crypt:1  | Learned a level 4 spell: Passage of Golubria
 66942 | Crypt:1  | Found an ancient bone altar of Kikubaaqudgha.
 67291 | Crypt:2  | Found a magical portal.
 67306 | WizLab   | Entered The Chambers of the Cloud Mage
 67603 | WizLab   | Reached skill level 6 in Hexes
 67708 | WizLab   | Reached skill level 10 in Charms
 67708 | WizLab   | Reached skill level 5 in Translocations
 67716 | WizLab   | HP: 171/367 [Miakk the Cloud Mage/the air (19)]
 67726 | WizLab   | HP: 122/245 [air elemental (1)]
 67873 | WizLab   | Identified the +2 cloak "Misyef" {rF+ Str+5} (You found it
                  | in a wizard's laboratory)
 67878 | WizLab   | Identified the ring "Wofot" {+Fly rElec rF+++ rC- Int+4}
                  | (You found it in a wizard's laboratory)
 67899 | WizLab   | Identified Nivousumn's Handbook of Feathers
 68098 | Crypt:2  | Paralysed by something for 7 turns
 68282 | Crypt:2  | HP: 106/245 [flayed ghost/flay_damage (39)]
 68427 | Crypt:2  | HP: 111/245 [stone giant[the rage of Trog] (18)]
 68463 | Crypt:2  | Was forgiven by Trog
 68471 | Crypt:2  | HP: 161/367 [cyclops[the rage of Trog] (35)]
 68697 | Crypt:2  | Found a runed door.
 68931 | Crypt:2  | Reached skill level 10 in Spellcasting
 68938 | Crypt:2  | Reached skill level 12 in Necromancy
 68947 | Crypt:2  | Cast into level 2 of the Abyss (a deep elf sorcerer)
 68979 | Abyss:2  | Reached skill level 7 in Hexes
 69029 | Abyss:2  | Reached skill level 24 in Fighting
 69276 | Abyss:3  | Reached skill level 6 in Translocations
 69357 | Abyss:3  | Paralysed by accursed screaming for 1 turns
 69378 | Abyss:3  | Got an abyssal rune of Zot
 69395 | Crypt:2  | Escaped the Abyss
 69465 | Crypt:2  | Noticed an ancient lich
 69479 | Crypt:2  | Killed an ancient lich
 69479 | Crypt:2  | Reached skill level 8 in Hexes
 69512 | Crypt:2  | Learned a level 5 spell: Aura of Abjuration
 69529 | Crypt:2  | Got a slimy helmet
 69532 | Crypt:2  | Identified the cursed +0 helmet of the Tarantula {rCorr
                  | Str+4} (You found it on level 2 of the Crypt)
 70188 | Crypt:3  | Entered Level 3 of the Crypt
 70315 | Crypt:3  | Reached skill level 7 in Translocations
 70418 | Crypt:3  | Reached XP level 26. HP: 254/254 MP: 37/37
 70422 | Crypt:3  | Found a staircase to the Tomb.
 70478 | Crypt:3  | Paralysed by a vampire knight for 5 turns
 70501 | Crypt:3  | Found a runed translucent gate.
 70501 | Crypt:3  | Found a runed translucent gate.
 70501 | Crypt:3  | Found an ancient bone altar of Kikubaaqudgha.
 70501 | Crypt:3  | Noticed Muecso's ghost (adept GrFi)
 70501 | Crypt:3  | Noticed an ancient lich
 70502 | Crypt:3  | Found a runed translucent gate.
 70502 | Crypt:3  | Noticed Nimomuku's ghost (adept GrFi)
 70502 | Crypt:3  | Noticed an ancient lich
 70577 | Crypt:3  | HP: 102/252 [torment (53)]
 70580 | Crypt:3  | HP: 47/251 [ushabti] (12)]
 70580 | Crypt:3  | HP: 14/251 [reaper/+4 scythe of protection[a guardian
                  | mummy's death curse] (30)]
 70585 | Crypt:3  | HP: 31/251 [poisoned by an ushabti (dark miasma)]
 70590 | Crypt:3  | HP: 45/251 [poisoned by an ushabti (dark miasma)]
 70595 | Crypt:3  | HP: 45/251 [poisoned by an ushabti (dark miasma)]
 70600 | Crypt:3  | HP: 50/251 [poisoned by an ushabti (dark miasma)]
 70607 | Crypt:3  | HP: 60/251 [poisoned by an ushabti (dark miasma)]
 70615 | Crypt:3  | HP: 72/251 [poisoned by an ushabti (dark miasma)]
 70828 | Crypt:3  | Found a basalt altar of Yredelemnul.
 70851 | Crypt:3  | Noticed a greater mummy
 70873 | Crypt:3  | Killed a greater mummy
 71037 | Crypt:3  | Identified the Compendium of Stolen Souls
 71220 | Crypt:3  | Learned a level 5 spell: Dispel Undead
 71350 | Crypt:3  | Reached skill level 9 in Hexes
 71365 | Crypt:3  | Got a slimy bone amulet
 71365 | Crypt:3  | Got a scintillating lead amulet
 71365 | Crypt:3  | Got a coiled steel ring
 71418 | Crypt:3  | Identified the amulet of the Fool {rElec Regen+ Dex+4} (You
                  | found it on level 3 of the Crypt)
 71419 | Crypt:3  | Identified the amulet of Tescheck {rElec Regen+ Dex+3} (You
                  | found it on level 3 of the Crypt)
 71420 | Crypt:3  | Identified the ring of Hoiqopo {rN+ MP-9 Dex+8} (You found
                  | it on level 3 of the Crypt)
 72084 | Zot:1    | Entered Level 1 of the Realm of Zot
 73152 | Zot:1    | Reached skill level 11 in Spellcasting
 73317 | Zot:1    | Noticed an orb of fire
 73318 | Zot:1    | Reached skill level 8 in Translocations
 73322 | Zot:1    | Gained mutation: Armour fits poorly on your strangely
                  | shaped body. [an orb of fire]
 73335 | Zot:1    | Killed an orb of fire
 73512 | Zot:1    | Reached skill level 21 in Armour
 73516 | Zot:1    | Reached skill level 10 in Hexes
 74133 | Zot:2    | HP: 120/257 [red draconian monk (30)]
 74136 | Zot:2    | HP: 57/257 [red draconian monk (5)]
 74144 | Zot:2    | HP: 50/257 [yellow draconian monk (2)]
 74146 | Zot:2    | Reached skill level 1 in Summonings
 74421 | Zot:2    | Reached XP level 27. HP: 264/264 MP: 27/38
 74587 | Zot:2    | Reached skill level 2 in Summonings
 74590 | Zot:2    | Reached skill level 25 in Fighting
 74595 | Zot:2    | Reached skill level 9 in Translocations
 74650 | Zot:2    | Found the +8 trident of the Octopus King {venom, rElec
                  | rPois MR+}
 74958 | Zot:3    | Found a transporter.
 74962 | Zot:3    | Reached skill level 3 in Summonings
 74981 | Zot:3    | Found a transporter.
 75103 | Zot:3    | Reached skill level 11 in Hexes
 75190 | Zot:3    | Reached skill level 4 in Summonings
 75768 | Zot:3    | Reached skill level 12 in Spellcasting
 75930 | Zot:3    | Reached skill level 5 in Summonings
 76236 | Zot:4    | Reached skill level 10 in Translocations
 76411 | Zot:4    | Reached skill level 6 in Summonings
 76528 | Zot:4    | Reached skill level 12 in Hexes
 76556 | Zot:4    | Reached skill level 7 in Summonings
 76602 | Zot:4    | Noticed an ancient lich
 76602 | Zot:4    | Noticed an orb of fire
 76613 | Zot:4    | Killed an ancient lich
 76616 | Zot:4    | HP: 133/268 [orb of fire/bolt of fire (13)]
 76621 | Zot:4    | Killed an orb of fire
 76621 | Zot:4    | Reached skill level 22 in Armour
 76621 | Zot:4    | Reached skill level 8 in Summonings
 76720 | Zot:4    | Found a stormy altar of Qazlal.
 76919 | Zot:4    | Reached skill level 9 in Summonings
 76990 | Zot:4    | HP: 99/268 [??? (64)]
 77271 | Zot:5    | Entered Level 5 of the Realm of Zot
 77432 | Zot:5    | Reached skill level 26 in Fighting
 77432 | Zot:5    | Reached skill level 10 in Summonings
 77899 | Vaults:5 | Entered Level 5 of the Vaults
 77935 | Vaults:5 | Reached skill level 13 in Spellcasting
 77935 | Vaults:5 | Reached skill level 13 in Necromancy
 77958 | Vaults:5 | Noticed Mennas
 77999 | Vaults:5 | Killed Mennas
 77999 | Vaults:5 | Reached skill level 14 in Necromancy
 78001 | Vaults:5 | Noticed an ancient lich
 78009 | Vaults:5 | Reached skill level 14 in Spellcasting
 78019 | Vaults:5 | Killed an ancient lich
 78023 | Vaults:5 | Reached skill level 13 in Dodging
 78023 | Vaults:5 | Reached skill level 15 in Necromancy
 78038 | Vaults:5 | Reached skill level 1 in Air Magic
 78041 | Vaults:5 | Reached skill level 2 in Air Magic
 78056 | Vaults:5 | Reached skill level 3 in Air Magic
 78093 | Vaults:5 | Reached skill level 11 in Summonings
 78221 | Vaults:5 | Found Xelotix's Gadget Shop.
 78263 | Vaults:5 | Reached skill level 4 in Air Magic
 78416 | Vaults:5 | Got a flickering marble ring
 78491 | Vaults:5 | Identified the Guide on the Frostbite and Feathers
 78654 | Vaults:5 | Identified the Incunabulum of Air and the Snowflakes
 78673 | Vaults:5 | Got a silver rune of Zot
 78759 | Vaults:5 | Got a scorched hat
 79099 | Vaults:5 | Identified the cursed -1 hat "Jirif" {rCorr Dex+4} (You
                  | found it on level 5 of the Vaults)
 79100 | Vaults:5 | Identified the ring of Ashub {*Corrode rN+ Dex+3} (You
                  | found it on level 5 of the Vaults)
 79135 | Vaults:5 | Identified the +4 plate armour of Waekk {+Blink rC+ Stlth+}
                  | (You found it on level 5 of the Vaults)
 79372 | Crypt:3  | Killed an ancient lich
 79376 | Crypt:3  | Killed an ancient lich
 79386 | Crypt:3  | Killed Nimomuku's ghost
 79388 | Crypt:3  | Killed Muecso's ghost
 79404 | Crypt:3  | Got a coiled copper ring
 79405 | Crypt:3  | Identified the ring of Ninycem {rElec rC+ rCorr Dex+3
                  | Stlth+} (You found it on level 3 of the Crypt)
 79409 | Crypt:3  | Got a faintly humming cloak
 79410 | Crypt:3  | Identified the +1 cloak of Vieraoq {rElec} (You found it on
                  | level 3 of the Crypt)
 79708 | Zig:1    | Entered Level 1 of a ziggurat
 79718 | Zig:1    | Reached skill level 5 in Air Magic
 79725 | Zig:2    | Entered Level 2 of a ziggurat
 79753 | Zig:3    | Entered Level 3 of a ziggurat
 79793 | Zig:3    | Learned a level 8 spell: Necromutation
 79802 | Zig:3    | Learned a level 8 spell: Infestation
 79803 | Zig:4    | Entered Level 4 of a ziggurat
 79818 | Zig:4    | Reached skill level 1 in Transmutations
 79832 | Zig:5    | Entered Level 5 of a ziggurat
 79860 | Zig:5    | Identified Further Progress in Spellweaving
 79864 | Zig:6    | Entered Level 6 of a ziggurat
 79876 | Zig:6    | Reached skill level 2 in Transmutations
 79899 | Zig:6    | Identified the Tome of Hurtful Earth
 79901 | Zig:6    | Identified the Volume of Toxic Calling
 79903 | Zig:6    | Identified the Handbook of Frigorific Changing
 79923 | Zig:7    | Entered Level 7 of a ziggurat
 79929 | Zig:7    | Noticed an ancient lich
 79931 | Zig:7    | HP: 100/269 [??? (64)]
 79936 | Zig:7    | HP: 164/403 [jiangshi[a mummy priest] (9)]
 79938 | Zig:7    | Killed an ancient lich
 79938 | Zig:7    | Reached skill level 3 in Transmutations
 79941 | Zig:7    | HP: 178/403 [mummy priest (3)]
 80056 | Zig:8    | Entered Level 8 of a ziggurat
 80065 | Zig:8    | Noticed an ancient lich
 80072 | Zig:8    | Reached skill level 4 in Transmutations
 80078 | Zig:8    | Killed an ancient lich
 80078 | Zig:8    | Reached skill level 16 in Necromancy
 80138 | Zig:9    | Entered Level 9 of a ziggurat
 80149 | Zig:9    | Noticed an ancient lich
 80150 | Zig:9    | Reached skill level 5 in Transmutations
 80163 | Zig:9    | Killed an ancient lich
 80170 | Zig:9    | Reached skill level 6 in Transmutations
 80243 | Zig:10   | Entered Level 10 of a ziggurat
 80560 | Slime:1  | Entered Level 1 of the Pits of Slime
 80600 | Slime:2  | Reached skill level 17 in Necromancy
 80600 | Slime:2  | Reached skill level 7 in Transmutations
 80710 | Slime:4  | Gained mutation: You are weak. (Str -2) [a shining eye]
 80737 | Slime:4  | Reached skill level 8 in Transmutations
 80790 | Slime:5  | Entered Level 5 of the Pits of Slime
 81018 | Slime:5  | Found a viscous altar of Jiyva.
 81019 | Slime:5  | Noticed the Royal Jelly
 81031 | Slime:5  | Reached skill level 18 in Necromancy
 81031 | Slime:5  | Reached skill level 9 in Transmutations
 81042 | Slime:5  | Killed the Royal Jelly
 81044 | Slime:5  | HP: 131/269 [acid[the Royal Jelly] (5)]
 81047 | Slime:5  | Reached skill level 10 in Transmutations
 81111 | Slime:5  | Got a slimy rune of Zot
 81112 | Slime:5  | Identified the Guide on Changing and Calling
 81119 | Slime:5  | Got a vibrating lapis lazuli ring
 81120 | Slime:5  | Identified the ring "Baveok" {+Fly Int-4 Dex+4} (You
                  | acquired it on level 5 of the Pits of Slime)
 81144 | Slime:5  | Identified the Collected Works on Confrontation
 81155 | Slime:5  | Identified the Compendium of Unholy Magic
 81209 | Slime:5  | Got a glittering steel ring
 81211 | Slime:5  | Identified the cursed +0 plate armour of Pantheism {rPois
                  | Int+2 Dex+3} (You found it on level 5 of the Pits of Slime)
 81213 | Slime:5  | Got a scorched glass ring
 81311 | Slime:1  | Gained mutation: You are frail. (-10% HP) [a shining eye]
 81315 | Lair:6   | Identified the ring of Relativism {MR+ EV+2 Int+3} (You
                  | found it on level 5 of the Pits of Slime)
 81316 | Lair:6   | Identified the ring of Axughig {MP+9 Str+2} (You found it
                  | on level 5 of the Pits of Slime)
 81505 | Orc:2    | Bought a potion of brilliance for 60 gold pieces
 81505 | Orc:2    | Bought a potion of invisibility for 120 gold pieces
 81505 | Orc:2    | Bought a potion of flight for 45 gold pieces
 81505 | Orc:2    | Bought 2 potions of brilliance for 120 gold pieces
 81505 | Orc:2    | Bought a potion of haste for 150 gold pieces
 81505 | Orc:2    | Bought 2 potions of haste for 300 gold pieces
 81505 | Orc:2    | Bought a potion of degeneration for 15 gold pieces
 81505 | Orc:2    | Bought a potion of magic for 120 gold pieces
 81782 | Vaults:2 | Bought a potion of curing for 51 gold pieces
 81782 | Vaults:2 | Bought a wand of acid (5) for 306 gold pieces
 81782 | Vaults:2 | Bought a potion of invisibility for 136 gold pieces
 82565 | Pan      | Entered Pandemonium
 82622 | Pan      | Found an exit through the horrors of the Abyss.
 82989 | Pan      | Reached skill level 19 in Necromancy
 83068 | Pan      | Noticed Pyniwk the pandemonium lord
 83083 | Pan      | Killed Pyniwk the pandemonium lord
 83096 | Pan      | Got a flickering amber ring
 83227 | Pan      | Reached skill level 11 in Transmutations
 83343 | Pan      | HP: 112/242 [green death/poison arrow (12)]
 83618 | Pan      | Noticed Cuxes the pandemonium lord
 83624 | Pan      | HP: 87/242 [??? (55)]
 83629 | Pan      | HP: 34/242 [??? (21)]
 83635 | Pan      | HP: 77/242 [Cuxes the pandemonium lord/bolt of lightning
                  | (1)]
 83825 | Pan      | Killed Cuxes the pandemonium lord
 84237 | Pan      | Noticed Lovasicvi the pandemonium lord
 84256 | Pan      | HP: 78/242 [??? (50)]
 84258 | Pan      | HP: 32/242 [??? (19)]
 84259 | Pan      | Killed Lovasicvi the pandemonium lord
 84263 | Pan      | HP: 34/242 [??? (16)]
 84268 | Pan      | HP: 65/242 [Ice Fiend (3)]
 84278 | Pan      | HP: 80/242 [gelid corrupter/+0 antimagic demon trident
                  | (12)]
 84287 | Pan      | Reached skill level 12 in Transmutations
 84447 | Pan      | Found an exit through the horrors of the Abyss.
 84658 | Pan      | Noticed Nett the pandemonium lord
 84678 | Pan      | Killed Nett the pandemonium lord
 84726 | Pan      | Identified the ring "Iwodwess" {rF++ rC++ Dex+3} (You found
                  | it in Pandemonium)
 85360 | Pan      | Gained mutation: Scrolls take you a little longer to read.
                  | [a neqoxec]
 85362 | Pan      | Gained mutation: You expend magic power (3 MP) to
                  | strengthen your wands. [a neqoxec]
 85700 | Pan      | Identified the +2 demon blade of Dim Light {venom, rC+ MR+
                  | Str+5}
 85718 | Pan      | Noticed Jikihut the pandemonium lord
 85749 | Pan      | HP: 119/242 [Jikihut the pandemonium lord (11)]
 85751 | Pan      | HP: 54/242 [Jikihut the pandemonium lord/lance of force
                  | (41)]
 85751 | Pan      | HP: 23/242 [torturous warmonger collision (31)]
 85752 | Pan      | HP: 5/242 [reaper/+3 scythe of slicing (19)]
 85752 | Pan      | Slain by a reaper

Vanquished Creatures
  the Royal Jelly (Slime:5)
  Mennas (Vaults:5)
  8 ancient liches
  Mara (Elf:3)
  A juggernaut (Depths:4)
  2 orbs of fire
  Sojobo (Vaults:4)
  A greater mummy (Crypt:3)
  Bai Suzhen (Swamp:4)
  the Lernaean hydra (Swamp:4)
  Saint Roka (Snake:3)
  3 curse toes
  A caustic shrike (Depths:4)
  9 golden dragons
  3 bone dragons
  9 liches
  2 Tzitzimimeh (Pan)
  4 pandemonium lords (Pan)
  An electric golem (Zot:1)
  23 tentacled monstrosities
  A Cloud Mage (WizLab)
  3 Ice Fiends (Pan)
  Jorgrun (Orc:2)
  The ghost of Nimomuku the Tortoise, an adept GrFi of Makhleb (Crypt:3)
  The ghost of Muecso the Tortoise, an adept GrFi of Makhleb (Crypt:3)
  3 quicksilver dragons
  A Hell Sentinel (Abyss:3)
  4 Orb Guardians (Zot:5)
  3 deep elf blademasters
  2 deep elf master archers (Elf:3)
  The ghost of eyesofgods1 the Severer, an adept DsFi of Makhleb (Elf:3)
  8 titans
  27 acid blobs
  4 Executioners (Pan)
  3 tentacled starspawn
  10 death cobs
  4 sphinxes
  6 ancient champions
  20 storm dragons
  A thorn hunter (Swamp:4)
  Roxanne (Swamp:4)
  Kirke (Swamp:3)
  12 tengu reavers
  6 revenants
  15 shadow dragons
  11 azure jellies
  9 nagarajas
  14 draconian monks
  10 fire giants
  8 vault wardens
  6 deep elf sorcerers
  6 ghost moths
  8 draconian knights
  10 frost giants
  An emperor scorpion (Zig:10)
  A cacodemon (Pan)
  3 draconian stormcallers
  5 balrugs
  A warmonger (Pan)
  4 curse skulls
  2 iron dragons
  3 deep elf elementalists (Elf:3)
  8 draconian scorchers
  8 reapers
  3 ghouls
  3 draconian shifters
  11 draconian annihilators
  42 stone giants
  A spriggan defender (Depths:3)
  15 ironheart preservers
  A blood saint (Zig:6)
  An entropy weaver (Vaults:2)
  12 very ugly things
  11 vampire knights
  5 war gargoyles
  2 black suns (Pan)
  5 lorocyprocas (Pan)
  5 deep elf demonologists
  3 corrupters (Pan)
  10 green draconians
  17 black draconians
  12 red draconians
  14 yellow draconians
  6 spark wasps
  18 deep elf annihilators
  3 minotaurs (Elf:3)
  5 purple draconians
  The ghost of namelastname112 the Carver, a journeyman DrMo of Uskayaw (D:13)
  10 white draconians
  7 eidola
  8 ettins
  3 green deaths (Pan)
  7 blizzard demons
  10 mummy priests
  An ettin (shapeshifter) (Vaults:5)
  8 jiangshi
  10 deep elf death magi
  5 death oozes
  2 merfolk impalers (Depths:3)
  17 yaktaur captains
  Josephine (D:13)
  9 deep elf high priests
  6 rakshasas
  16 ice dragons
  Fannar (Lair:3)
  18 fire dragons
  13 great orbs of eyes
  Erolcha (D:11)
  22 hydras
  10 naga warriors
  31 vault guards
  8 spriggan air magi
  5 shambling mangroves
  3 catoblepae (Lair:6)
  8 anacondas
  2 monstrous demonspawn (Pan)
  7 ghost crabs
  6 death knights
  14 ogre magi
  4 merfolk aquamancers
  An alligator (shapeshifter) (Vaults:5)
  9 centaur warriors
  30 dancing weapons
  3 death yaks (Lair:6)
  38 two-headed ogres
  A satyr (shapeshifter) (Vaults:5)
  12 alligators
  7 tengu warriors
  13 vampire magi
  6 deep troll shamans
  2 death scarabs (Zig:7)
  A queen ant (Lair:3)
  The ghost of SaintRoka the Thaumaturge, a novice GnWz of Cheibriados (D:9)
  11 deep troll earth magi
  9 orc high priests
  The ghost of vogonpoet the Unseen, a journeyman SpAs of Ashenzari (D:10)
  8 hell knights
  15 sun demons
  14 naga sharpshooters
  6 spriggan berserkers
  12 soul eaters
  2 wretched stars (Abyss:3)
  Nergalle (Lair:1)
  7 shock serpents
  22 deep elf knights
  3 sixfirhies
  3 shadow wraiths
  An anaconda zombie (Crypt:2)
  An iron troll (Depths:5)
  6 unseen horrors
  A titan skeleton (Crypt:3)
  16 skeletal warriors
  2 spriggan druids (Swamp:2)
  7 infernal demonspawn
  4 shadow demons (Pan)
  43 deep trolls
  2 spatial maelstroms (Abyss:3)
  11 flayed ghosts
  2 sea snakes (Snake:1)
  8 naga ritualists
  4 death drakes (WizLab)
  3 torturous demonspawn (Pan)
  2 golden dragon zombies
  2 glowing orange brains
  7 gelid demonspawn (Pan)
  10 wizards
  16 deep elf archers
  13 ironbrand convokers
  9 orc knights
  9 necromancers
  17 phantasmal warriors
  A ghost moth zombie (Crypt:1)
  5 harpies (Vaults:2)
  13 swamp dragons
  A shadow dragon zombie (Crypt:1)
  2 orb spiders (Zig:10)
  An obsidian statue (Zot:3)
  2 oklob plants
  A lindwurm (Lair:6)
  7 mana vipers
  51 ugly things
  A wolf spider zombie (D:15)
  3 orc sorcerers
  10 salamanders
  7 wolf spiders
  58 deep elf magi
  5 shining eyes
  2 elephants (Lair:6)
  4 manticores
  A worldbinder (Abyss:3)
  4 frost giant zombies
  A frost giant skeleton (Crypt:2)
  20 cyclopes
  34 moths of wrath
  2 guardian serpents
  11 smoke demons (Pan)
  2 eyes of devastation
  3 apocalypse crabs (WizLab)
  6 ice statues
  2 rust devils (Depths:3)
  An alligator snapping turtle zombie (Crypt:1)
  A torpor snail (shapeshifter) (Vaults:5)
  39 black mambas
  3 gargoyles
  2 torpor snails (Zig:10)
  26 naga magi
  A black mamba (shapeshifter) (Depths:2)
  A white draconian zombie (Crypt:1)
  3 orange demons (Pan)
  7 komodo dragons
  A spiny frog (shapeshifter) (Vaults:2)
  21 vault sentinels
  A hellion (Pan)
  2 rime drakes
  A kobold demonologist (D:13)
  16 spiny frogs
  16 freezing wraiths
  5 demonic crawlers
  A komodo dragon (shapeshifter) (Depths:1)
  9 hellwings (Pan)
  3 efreet
  An ancient zyme (Abyss:3)
  53 yaktaurs
  32 guardian mummies
  2 jumping spiders
  A silent spectre (Crypt:2)
  A meliai (shapeshifter) (Vaults:5)
  13 red devils
  A red draconian skeleton (Crypt:3)
  A tengu conjurer (Depths:4)
  2 trolls (shapeshifter)
  9 trolls
  A jumping spider (shapeshifter) (Depths:3)
  A harpy zombie (Crypt:3)
  3 meliai (D:14)
  16 polar bears
  A sea snake skeleton (Crypt:1)
  13 tyrant leeches
  A wind drake (WizLab)
  22 hornets
  2 raiju (shapeshifter)
  12 blink frogs
  10 hippogriffs
  2 raiju (Abyss:3)
  A harpy skeleton (Crypt:1)
  62 slime creatures
  A dream sheep (shapeshifter) (Depths:5)
  A blink frog (shapeshifter) (Vaults:3)
  8 bog bodies
  11 dream sheep
  An ice dragon zombie (Crypt:1)
  14 flying skulls
  19 large abominations
  2 dire elephant simulacra
  4 redbacks
  A satyr skeleton (Crypt:2)
  4 tarantellas (Zig:10)
  16 water elementals
  A vampire (D:12)
  9 wraiths
  5 spriggans
  A wind drake zombie (Crypt:3)
  8 ynoxinuls
  10 air elementals
  A fire dragon skeleton (Crypt:1)
  4 wyverns
  5 basilisks
  7 ushabtiu (Crypt:3)
  2 fire bats (Volcano)
  A hog (shapeshifter) (Vaults:4)
  63 yaks
  A steam dragon (D:9)
  A fire elemental (Elf:1)
  6 hungry ghosts
  7 neqoxecs
  6 hogs
  19 humans
  A yaktaur simulacrum (Vaults:1)
  13 vampire mosquitoes
  8 chaos spawn
  14 wargs
  2 harpy simulacra (IceCv)
  2 human simulacra (Vaults:2)
  An acid dragon (Vaults:2)
  11 soldier ants
  10 swamp worms
  A spatial vortex (Abyss:3)
  3 iron troll simulacra (IceCv)
  45 nagas
  A hell hound (Volcano)
  10 insubstantial wisps
  3 hydra simulacra (IceCv)
  15 porcupines
  13 water moccasins
  5 black bears
  14 small abominations
  A floating eye (Depths:2)
  13 ice beasts
  13 swamp drakes
  An eye of draining (shapeshifter) (Depths:2)
  2 phantoms
  8 sky beasts
  An ogre (shapeshifter) (Vaults:2)
  34 orc warriors
  10 wolves (Lair:4)
  5 eyes of draining
  3 necrophages
  45 ogres
  10 boggarts
  30 centaurs
  14 crocodiles
  A snapping turtle skeleton (Crypt:2)
  3 big kobolds (D:13)
  19 bullfrogs
  2 wyvern zombies
  A draconian skeleton (Crypt:2)
  2 earth elementals (Elf:3)
  A water moccasin zombie (Ossuary)
  7 scorpions
  6 killer bees
  A shapeshifter zombie (Crypt:3)
  3 wights (D:10)
  A polar bear skeleton (Crypt:1)
  2 howler monkeys
  7 crimson imps
  11 centaur zombies
  5 jellies
  2 quasits
  A gnoll shaman (D:7)
  22 starcursed masses (Abyss:3)
  3 bullfrog zombies
  13 hounds
  34 orc wizards
  2 bullfrog skeletons
  44 orc priests
  5 centaur skeletons
  3 iguanas
  16 worker ants
  7 hell rats (Lair:6)
  A porcupine skeleton (Crypt:2)
  A killer bee zombie (D:8)
  A felid skeleton (Crypt:1)
  3 hound zombies (Ossuary)
  An ogre skeleton (Crypt:2)
  A hound skeleton (D:5)
  24 mummies
  5 worker ant zombies
  2 howler monkey zombies (Ossuary)
  4 gnolls (D:7)
  14 adders
  A howler monkey skeleton (Crypt:2)
  5 shadow imps
  3 oozes
  3 adder zombies
  2 iguana zombies
  A lava snake zombie (Crypt:2)
  An adder skeleton (Crypt:3)
  A lava snake skeleton (Crypt:1)
  5 worms
  A barachi skeleton (Crypt:3)
  4 leopard geckos
  130 orcs
  8 bats
  13 giant cockroaches
  9 goblins
  8 hobgoblins
  9 jackals
  3 quokkas
  6 ball pythons
  6 frilled lizards
  A giant cockroach zombie (Ossuary)
  A hobgoblin skeleton (Crypt:2)
  A jackal skeleton (Crypt:3)
  11 kobolds
  A leopard gecko skeleton (D:4)
  2 leopard gecko zombies
  An orc simulacrum (Abyss:3)
  An orc skeleton (Crypt:1)
  2 quokka skeletons
  4 quokka zombies
  9 rats
  A bush (Lair:6)
  4 crawling corpses (Elf:3)
  2 fungi
  11 plants
  4 starspawn tentacles
3084 creatures vanquished.

Vanquished Creatures (collateral kills)
  A stone giant (Depths:4)
  A deep troll shaman (Depths:4)
2 creatures vanquished.

Vanquished Creatures (others)
  Nikola (Swamp:4)
  A purple draconian (Zot:3)
  2 blizzard demons
  A spriggan air mage (Depths:2)
  An ice dragon (Depths:5)
  A hydra (Zig:3)
  2 two-headed ogres
  A tengu warrior (D:9)
  A sun demon (Pan)
  An orc knight (D:9)
  An apocalypse crab (WizLab)
  2 moths of wrath
  A spiny frog (Swamp:4)
  2 yaktaurs
  A hornet (Zig:3)
  An air elemental (WizLab)
  2 humans
  An ogre (Depths:3)
  An orc warrior (D:9)
  A boggart (Depths:2)
  A bush (Lair:6)
  10 fungi (Lair:6)
  22 plants
  44 spectral weapons
  5 starspawn tentacles
  2 withered plants (Ossuary)
109 creatures vanquished.

Grand Total: 3195 creatures vanquished

Table legend:
 A = Turns spent in this place as a percentage of turns spent in the entire game.
 B = Non-inter-level travel turns spent in this place as a percentage of non-inter-level travel turns spent in the entire game.
 C = Inter-level travel turns spent in this place as a percentage of turns spent in this place.
 D = Turns resting spent in this place as a percentage of non-inter-level travel turns spent in this place.
 E = Turns spent auto-exploring this place as a percentage of non-inter-level travel turns spent in this place.
 F = Non-inter-level travel turns spent in this place divided by the number of levels of this place that you've seen.
                   A       B       C       D       E      F
               +-------+-------+-------+-------+-------+----------------------
         Total | 100.0 | 100.0 |  10.7 |  32.8 |  45.9 | 981.6
       Dungeon |  21.8 |  20.5 |  16.1 |  25.5 |  55.9 | 1046.0
          Lair |   9.5 |   9.6 |   9.9 |  31.8 |  52.9 | 1228.3
         Swamp |   8.6 |   9.1 |   5.8 |  54.9 |  31.1 | 1734.2
     Snake Pit |   7.5 |   8.1 |   2.9 |  42.4 |  43.0 | 1552.5
    Slime Pits |   0.9 |   0.9 |   4.0 |  29.2 |   4.2 | 144.4
  Orcish Mines |   3.6 |   3.3 |  16.7 |  51.4 |  31.0 | 1281.0
   Elven Halls |   7.8 |   8.0 |   9.2 |  36.1 |  39.0 | 2032.0
        Vaults |  10.5 |   9.6 |  18.8 |  26.5 |  55.4 | 1466.8
         Crypt |   5.4 |   5.5 |   9.5 |  15.8 |  56.5 | 1392.3
        Depths |  11.5 |  11.4 |  11.7 |  43.7 |  36.5 | 1739.0
           Zot |   5.3 |   5.5 |   6.7 |  15.9 |  55.7 | 839.8
         Abyss |   0.5 |   0.6 |   0.0 |   0.0 |  42.6 | 224.0
   Pandemonium |   3.7 |   4.2 |   0.0 |  13.8 |  51.0 | 637.4
      Ziggurat |   0.7 |   0.8 |   0.0 |  19.6 |  28.3 |  64.2
       Ossuary |   0.6 |   0.7 |   0.0 |  31.2 |  15.6 | 532.0
      Ice Cave |   0.6 |   0.7 |   0.0 |  69.1 |   9.0 | 512.0
       Volcano |   0.7 |   0.8 |   0.0 |  49.1 |  29.1 | 578.0
        Wizlab |   0.8 |   0.9 |   0.0 |  20.8 |  32.8 | 677.0
               +-------+-------+-------+-------+-------+----------------------
